 Dungeon Crawl Stone Soup version 0.27-a0-396-g03f4e8edb7 (webtiles) character file.

Game seed: 13642711964047927847

1 Morbidden the Charlatan (level 1, 0/15 HPs)
             Began as a Demonspawn Artificer on Feb 21, 2021.
             Slain by a leopard gecko (1 damage)
             ... on level 1 of the Dungeon.
             The game lasted 00:00:05 (52 turns).

Morbidden the Charlatan (Demonspawn Artificer)        Turns: 52, Time: 00:00:05

Health: 0/15       AC:  3    Str: 12    XL:     1   Next: 16%
Magic:  1/1        EV: 11    Int: 12    God:
Gold:   0          SH:  0    Dex: 13    Spells: 0/0 levels left

rFire    . . .     SeeInvis .   a - +0 club
rCold    . . .     Faith    .   (no shield)
rNeg     . . .     Spirit   .   b - +0 leather armour
rPois    .         Reflect  .   (no helmet)
rElec    .         Harm     .   (no cloak)
rCorr    .         Rampage  .   (no gloves)
Will     .....                  (no boots)
Stlth    +.........             (no amulet)
HPRegen  0.05/turn              (no ring)
MPRegen  0.07/turn              (no ring)

@: no status effects
A: no striking features
a: no special abilities


You were on level 1 of the Dungeon.
You visited 1 branch of the dungeon, and saw 1 of its levels.

Inventory:

Hand Weapons
 a - a +0 club (weapon)
Armour
 b - a +0 leather armour (worn)
Wands
 c - a wand of flame (15) (quivered)
 d - a wand of charming (15)
 e - a wand of random effects (15)
Scrolls
 f - a scroll of fog {unknown}


   Skills:
 + Level 1.0 Fighting
 + Level 1.7 Armour
 + Level 1.1 Dodging
 + Level 0.8 Stealth
 + Level 3.0 Evocations


You couldn't memorise any spells.
You didn't know any spells.
Your spell library was empty.

Dungeon Overview and Level Annotations

Branches:
Dungeon (1/15)

Altars:


Message History

The leopard gecko barely misses you.
Your Dodging skill increases to level 1!
You barely miss the goblin. The leopard gecko barely misses you.
The goblin hits you but does no damage. The leopard gecko bites you.
You hit the goblin.
The goblin is heavily wounded.
The goblin hits you with a +0 dagger. The leopard gecko barely misses you.
A hobgoblin comes into view. It is wielding a +0 club.
You are too injured to fight recklessly!
You are too injured to fight recklessly!
You are too injured to fight recklessly!
You are too injured to fight recklessly!
The goblin hits you but does no damage. The leopard gecko bites you.
* * * LOW HITPOINT WARNING * * *
The leopard gecko hisses menacingly.
The leopard gecko closely misses you. The leopard gecko bites you.
* * * LOW HITPOINT WARNING * * *
A bat comes into view.
A bat comes into view.
The bat completely misses you.
You barely miss the bat. The bat barely misses you.
The leopard gecko bites you.
* * * LOW HITPOINT WARNING * * *
The leopard gecko barely misses you.
A bat comes into view.
The bat hits you.
* * * LOW HITPOINT WARNING * * *
The bat closely misses you. The bat barely misses you.
The leopard gecko barely misses you.
You completely miss the leopard gecko. The bat hits you but does no damage. x4
The leopard gecko completely misses you.
The bat hits you but does no damage.
You hit the leopard gecko.
The leopard gecko is heavily wounded.
The bat closely misses you. The bat hits you but does no damage.
The bat closely misses you. The bat barely misses you.
The leopard gecko bites you.
You die...

#.≈#..'.......+..#
#.≈#<.####'####.⌠#
#.≈####≈≈≈.≈≈≈####
#####.≈≈≈≈≈≈≈≈.≈≈≈≈≈≈≈
..............(####...
##.####...###### ##
###.. #[..###
..#.###.##########
#.............gl@#
#.....#.########bb......
#).##...# #b.......
..#.....# .....###.
....###.# ...### .####
#..# #.### . ..... .. .
.#.### .# # .#


You could see a leopard gecko, a goblin and 3 bats.

Vanquished Creatures
  A kobold (D:1)
1 creature vanquished.

Notes
Turn   | Place    | Note
-------+----------+-------------------------------------------
     0 | D:1      | Morbidden the Demonspawn Artificer began the quest for the
                  | Orb.
     0 | D:1      | Reached XP level 1. HP: 15/15 MP: 1/1
    34 | D:1      | Reached skill level 1 in Dodging
    52 | D:1      | Slain by a leopard gecko

Illustrated notes

Levels and vault maps discovered:
D:1:      heliophobic_arrival_glass_houses, layout_rooms

Skill      XL: |  1 |
---------------+----+-----
Dodging        | 1 |  1.1
Fighting       | |  1.0
Armour         | |  1.7
Stealth        | |  0.8
Evocations     | |  3.0

Action                   || total
-------------------------++-------
Melee: Club              ||     7
Armor: Leather armour    ||     8
Dodge: Dodged            ||    18

Table legend: (Time is in decaauts)
 A = Elapsed time spent in this place.
 B = Non-inter-level travel time spent in this place.
 C = Inter-level travel time spent in this place.
 D = Time resting spent in this place.
 E = Time spent auto-exploring this place.
 F = Levels seen in this place.
 G = Mean time per level.
                   A        B        C        D        E       F      G
               +--------+--------+--------+--------+--------+-----+--------+
         Total |     53 |     53 |      0 |      0 |     26 |   1 |   53.0 |
       Dungeon |     53 |     53 |      0 |      0 |     26 |   1 |   53.0 |
               +--------+--------+--------+--------+--------+-----+--------+

Top non-repeatable levels by time:
     D:1: 53 daAuts
